 Dungeon Crawl Stone Soup version 0.30-b1-2-g02819fbbbe (webtiles) character file.

Game seed: 2257191221371356120

(classic levelgen) 67 EnegeticOcto the Covered (level 3, -2/31 (33) HPs)
             Began as a Minotaur Fighter on May 9, 2023.
             Slain by a wight
             ... wielding a +0 great sword
              (7 damage)
             ... on level 3 of the Dungeon.
             The game lasted 00:00:49 (1421 turns).

EnegeticOcto the Covered (Minotaur Fighter)         Turns: 1421, Time: 00:00:49

HP:   -2/31 (33)    AC:  7    Str: 22    XL:     3   Next: 98%
MP:   2/2           EV:  9    Int:  5    God:
Gold: 120           SH:  6    Dex:  9    Spells: 2/2 levels left

rFire   . . .        a - +0 war axe
rCold   . . .        f - +2 buckler
rNeg    . . .        b - +0 scale mail
rPois   .            (helmet restricted)
rElec   .            h - scarf {repulsion}
rCorr   .            (no gloves)
SInv    .            (no boots)
Will    .....        (no amulet) Stlth
                     (no ring)
HPRegen 0.25/turn    (no ring)
MPRegen 0.08/turn

%: repel missiles
@: drained
A: horns 2, retaliatory headbutt
a: no special abilities


You were on level 3 of the Dungeon.
You visited 1 branch of the dungeon, and saw 3 of its levels.

You collected 120 gold pieces.

Inventory:

Hand Weapons
 a - a +0 war axe (weapon)
Armour
 b - a +0 scale mail (worn)
 f - a +2 buckler (worn)
   (You found it on level 1 of the Dungeon)
 h - a scarf of repulsion (worn)
   (You found it on level 1 of the Dungeon)
Scrolls
 g - 2 scrolls of teleportation {unknown}
 i - a scroll of brand weapon {unknown}
 k - a scroll of identify {unknown}
 l - 2 scrolls of silence {unknown}
 n - a scroll of fear {unknown}
Potions
 c - 2 potions of berserk rage {unknown}
 d - a potion of might {@q3}
 e - 3 potions of attraction {unknown}
 j - a potion of brilliance {unknown}
 m - 3 potions of curing {unknown}


   Skills:
 + Level 4.1 Fighting
 * Level 3.8 Axes
 + Level 4.2 Armour
 + Level 4.1 Shields


You had 2 spell levels left.
You didn't know any spells.
Your spell library was empty.

Dungeon Overview and Level Annotations

Branches:
Dungeon (3/15)

Altars:


Innate Abilities, Weirdness & Mutations

You have a pair of horns on your head.
You reflexively headbutt those who attack you in melee.


Message History

There is a stone staircase leading up here.
There is a stone staircase leading up here.
You see here a +0 sling.
Done exploring.
Done exploring.
No target in view!
No target in view!
No target in view!
No target in view!
No target in view!
No target in view!
(D) Dungeon
Where to? (Enter - D:2, ? - help)
You see here a +0 spear.
There is a stone staircase leading down here.
You climb downwards.
Found an emerald potion.
Found a stone staircase leading down.
There is a stone staircase leading up here.
m - 3 emerald potions (gained 1)
There is a stone staircase leading up here.
You now have 120 gold pieces (gained 18).
A ball python comes into view.
The ball python hisses angrily.
A ball python is nearby!
The ball python bites you. The ball python barely misses you.
The ball python bites you. The ball python barely misses you.
You closely miss the ball python. Your headbutt misses the ball python.
The ball python barely misses you. The ball python closely misses you.
You hit the ball python.
You kill the ball python!
No target in view!
No target in view!
No target in view!
No target in view!
HP restored.
An adder comes into view.
The adder hisses angrily.
An adder is nearby!
You closely miss the adder. The adder bites you but does no damage.
You block the adder's attack.
You closely miss the adder. Your headbutt misses the adder.
The adder barely misses you. The adder bites you.
You barely miss the adder. You block the adder's attack.
You slash the adder!
The adder is severely wounded.
The adder bites you but does no damage. The adder barely misses you.
You barely miss the adder.
The adder is severely wounded.
The adder bites you but does no damage. You block the adder's attack.
You hit the adder.
You kill the adder!
No target in view!
l - 2 scrolls labelled EKOTOHYWN (gained 1)
A kobold comes into view. It is wielding a +0 dagger.
The kobold shouts!
A kobold is nearby!
Found 6 gold pieces.
The kobold closely misses you. You furiously retaliate!
You headbutt the kobold.
You kill the kobold!
No target in view!
No target in view!
No target in view!
No target in view!
No target in view!
No target in view!
n - a scroll labelled NUUZUAKHEV A wight comes into view.
It is wielding a +0 halberd.
You see here 6 gold pieces.
The wight throws a stone.
The stone hits you.
A wight comes into view. It is wielding a +0 battleaxe.
The wight throws a stone.
You block the stone.
A wight comes into view. It is wielding a +0 great sword.
The wight misses you. You block the wight's attack.
You closely miss the wight. Your headbutt misses the wight. You hit the wight.
A wight comes into view. It is wielding a +0 halberd.
The wight closely misses you. The wight hits you with a +0 battleaxe.
The wight hits you with a +0 halberd! You block the wight's attack.
You slash the wight!
The wight is almost destroyed.
You barely miss the wight. You hit the wight. The wight barely misses you.
The wight hits you with a +0 battleaxe.
You feel drained.
* * * LOW HITPOINT WARNING * * *
The wight hits you with a +0 halberd.
* * * LOW HITPOINT WARNING * * *
You feel drained.
* * * LOW HITPOINT WARNING * * *
You are too injured to fight recklessly!
You are too injured to fight recklessly!
You are too injured to fight recklessly!
You are too injured to fight recklessly!
You are too injured to fight recklessly!
You are too injured to fight recklessly!
You are too injured to fight recklessly!
You are too injured to fight recklessly!
You hit the wight.
The wight is moderately damaged.
You hit the wight but do no damage. You barely miss the wight.
The wight hits you with a +0 great sword!
You die...

...........#.########
#..###......)......#
##!............####.#
.......$....#..####.###
##.........##..#.......
###.#....#####..#.##.###
....#....# #.......# #
#......# #.......# #
###.z@## #.......# #
#.zz### #.......## #....
.. #........##
#....###.#.#..#...##
...........#..#...##
.....z...............
.............#..###.##
####....###.###..###.##
.. #......##


You could see 4 wights.

Vanquished Creatures
  An adder (D:3)
  A dart slug (D:2)
  4 ball pythons
  6 bats
  5 endoplasms
  8 giant cockroaches
  6 goblins
  3 hobgoblins
  3 quokkas (D:1)
  A frilled lizard (D:1)
  3 kobolds
  5 rats
46 creatures vanquished.

Notes
Turn   | Place    | Note
-------+----------+-------------------------------------------
     0 | D:1      | EnegeticOcto the Minotaur Fighter began the quest for the
                  | Orb.
     0 | D:1      | Reached XP level 1. HP: 19/19 MP: 0/0
   195 | D:1      | Reached XP level 2. HP: 25/27 MP: 1/1
   613 | D:1      | Reached XP level 3. HP: 33/33 MP: 2/2
  1413 | D:3      | Noticed a wight
  1415 | D:3      | Noticed a wight
  1417 | D:3      | Noticed a wight
  1419 | D:3      | Noticed a wight
  1421 | D:3      | Slain by a wight

Illustrated notes

Levels and vault maps discovered:
D:1:      lemuel_arrival_muddy, layout_basic
D:2:      layout_basic
D:3:      layout_loops_cross, mainiacjoe_overflow_big_doors, serial_shops, shop,
          feat_on_display, uniq_crazy_yiuf_cottage

Skill      XL: |  1  2  3 |
---------------+----------+-----
Axes           | 3 |  3.8
Armour         | 4 |  4.2
Shields        | 4 |  4.1
Fighting       | 4 |  4.1

Action                     || total
---------------------------++-------
  Melee: War axe           ||    87
         Headbutt          ||     9
 Armour: Scale mail        ||    30
  Dodge: Dodged            ||    45
  Block: Buckler           ||    31
